 Dungeon Crawl Stone Soup version 0.16.1-4-g8e1b745 (webtiles) character file.

59 RobertPalmer the Cutter (level 4, 23/29 HPs)
             Began as an Octopode Warper on Mar 27, 2015.
             Quit the game on level 1 of the Dungeon.
             The game lasted 00:01:47 (1770 turns).

RobertPalmer the Cutter (Octopode Warper)           Turns: 1770, Time: 00:01:47

Health: 23/29      AC:  1    Str: 10    XL:     4   Next: 3%
Magic:  7/7        EV: 12    Int: 15    God:
Gold:   89         SH:  0    Dex: 12    Spells: 1 memorised, 6 levels left

rFire  . . .     SeeInvis .     a - +0 short sword
rCold  . . .     Clarity  .     (no shield)
rNeg   . . .     SustAb   .     (helmet restricted)
rPois  .         Gourm    .     (no amulet)
rElec  .         Spirit   .     (no ring)
rCorr  .         Warding  .     (no ring)
rMut   .         Stasis   .     (no ring)
MR     .....                    (no ring)
Stlth  ++........               (no ring)
                                (no ring)
                                (no ring)
                                (no ring)

@: not resistant to hostile enchantments, unstealthy
A: almost no armour, amphibious, 8 rings, constrict 8, camouflage 1, gelatinous
body 1
a: no special abilities


You were on level 1 of the Dungeon.
You were not hungry.

You visited 1 branch of the dungeon, and saw 2 of its levels.

You collected 89 gold pieces.

Inventory:

Hand weapons
 a - a +0 short sword (weapon)
Missiles
 e - 5 tomahawks of dispersal {=f}
Scrolls
 d - a scroll of blinking {!r}
 h - a scroll of amnesia {unknown}
 j - a scroll of identify {unknown}
 k - a scroll of teleportation {unknown}
 l - a scroll of random uselessness {unknown}
 m - a scroll of noise {unknown}
Potions
 b - a potion of resistance {unknown}
 g - 4 potions of curing {unknown}
Books
 c - a book of Spatial Translocations
Comestibles
 f - a bread ration {@e1}
 i - a beef jerky


   Skills:
 - Level 2.0 Fighting
 + Level 4.2 Short Blades
 - Level 1.0 Throwing
 - Level 2.3 Dodging
 - Level 2.0 Spellcasting
 - Level 3.0 Translocations


You had 6 spell levels left.
You knew the following spells:

 Your Spells              Type           Power        Failure   Level  Hunger
g - Apportation           Tloc           ##........   8%          1    #......


Dungeon Overview and Level Annotations

Branches:
Dungeon (2/15)

Altars:


Innate Abilities, Weirdness & Mutations

You cannot wear most types of armour.
You are amphibious.
You can wear up to eight rings at the same time.
You can use your tentacles to constrict many enemies at once.
Your skin changes colour to match your surroundings (Stealth).
Your rubbery body absorbs attacks (AC +1).


Message History

A bat comes into view.
The bat closely misses you.
A bat is nearby!
A bat is nearby!
A bat is nearby!
You barely miss the bat. You grab the bat. You constrict the bat.
The bat barely misses you.
The bat struggles to escape constriction. x2
You hit the bat.
You constrict the bat, but do no damage.
The bat misses you.
The bat struggles to escape constriction.
You hit the bat.
You kill the bat!
No target in view!
You see here a bat corpse.
Found a shiny plate armour.
Health restored: 24 No target in view!
A gnoll comes into view. It is wielding a spear.
A gnoll comes into view.
The gnoll shouts!
A gnoll comes into view. It is wielding a spear.
There are monsters nearby!
There are monsters nearby!
A rat comes into view.
The gnoll barely misses you.
The gnoll shouts!
You hit the gnoll. Your grab misses the gnoll. You squeeze the gnoll.
The gnoll hits you from afar with a spear!
The gnoll hits you.
You take 13 damage, and have 11/24 hp.
MASSIVE DAMAGE!!
Unknown command.
A kobold comes into view.
The kobold moves out of view.
You see here a bat corpse.
You see here 2 stones.
There is a stone staircase leading up, spattered with blood here.
Items here: ( ))) รทรท a dagger; 2 stones; a dagger; a dagger; a goblin skeleton; a goblin skeleton The gnoll barely misses you.
You climb upwards.
There is a stone staircase leading down here.
You barely miss the gnoll. Your grab misses the gnoll. You hit the gnoll.
Your grab misses the gnoll. You squeeze the gnoll. The gnoll hits you.
You take 2 damage, and have 11/24 hp.
You completely miss the gnoll. You grab the gnoll. You constrict the gnoll.
The gnoll misses you.
You hit the gnoll but do no damage.
You constrict the gnoll, but do no damage.
The gnoll hits you!
* * * LOW HITPOINT WARNING * * *
You take 8 damage, and have 3/24 hp.
MASSIVE DAMAGE!!
You hit the gnoll. You constrict the gnoll. The gnoll hits you.
* * * LOW HITPOINT WARNING * * *
You take 1 damage, and have 2/24 hp.
Unknown command.
You hit the gnoll but do no damage. You squeeze the gnoll.
You kill the gnoll!
Your Short Blades skill increases to level 4!
You have reached level 4!
MP restored: 7 You see here a gnoll corpse.
You butcher the gnoll corpse.
n - a chunk of flesh {@w0} You start resting.
Eating a chunk of flesh {@w0}.
You continue eating. x2
You start resting.
You start resting.
You are feeling hungry.
You regained 19 hp, and now have 22/29 hp.
A hobgoblin comes into view.
You regained 3 hp, and now have 25/29 hp.
The hobgoblin shouts!
You hit the hobgoblin. You grab the hobgoblin.
You constrict the hobgoblin, but do no damage.
The hobgoblin hits you.
You take 1 damage, and have 24/29 hp.
You hit the hobgoblin but do no damage.
You squeeze the hobgoblin, but do no damage.
You constrict the hobgoblin. The hobgoblin hits you.
You take 3 damage, and have 21/29 hp.
You hit the hobgoblin. You constrict the hobgoblin. The hobgoblin misses you.
You hit the hobgoblin.
You kill the hobgoblin!
You see here a hobgoblin corpse.
You see here a hobgoblin corpse.
You butcher the hobgoblin corpse.
n - a chunk of flesh {@w0} Eating a chunk of flesh {@w0}.
You continue eating. x2
Eat which item? (? for menu, Esc to quit)
You don't have any such object.
Eat which item? (? for menu, Esc to quit)
Okay, then.
Unknown command.
Okay, then.

#####.#.#..# #.........#..#
#.#.#..# #.##......##.#
#.#.#..### #.##...#.###.#####
#........# #.##..............
#....#.### #.##...#.#.#.....#
#..##### #.##.###.#.#.#.#.#
#..##.# #.##.# #.#.......#
#..##.# ####.##.###)#.#.#####
#..##.# #...@.....#.#.#.#.###
#.....###....##.#.#.#.#.#....
#####.......#....##.#.#.###......
............#.....#.#.#.# #......
............#.....#.#.#.# ###.#..
............#.....#.#.#.## #.....
............#...>........###..(..
............#.....#..............
............#............##[....#


There were no monsters in sight!

Vanquished Creatures
  A gnoll (D:1)
  An adder (D:2)
  A worm (D:2)
  2 giant geckos (D:1)
  An ooze (D:1)
  2 giant cockroaches (D:1)
  5 hobgoblins (D:1)
  A quokka (D:2)
  A ball python (D:1)
  3 bats
  2 giant newts (D:1)
  5 goblins
  6 kobolds
  3 rats
34 creatures vanquished.

Notes
Turn   | Place    | Note
--------------------------------------------------------------
     0 | D:1      | RobertPalmer, the Octopode Warper, began the quest for the Orb.
     0 | D:1      | Reached XP level 1. HP: 14/14 MP: 3/3
   312 | D:1      | Reached XP level 2. HP: 19/19 MP: 4/4
   428 | D:1      | Reached skill level 3 in Short Blades
   646 | D:1      | Reached XP level 3. HP: 11/24 MP: 6/6
  1153 | D:2      | HP: 6/24 [kobold/stone (2)]
  1174 | D:2      | HP: 4/24 [quokka (4)]
  1495 | D:1      | HP: 3/24 [gnoll (8)]
  1497 | D:1      | Reached skill level 4 in Short Blades
  1497 | D:1      | Reached XP level 4. HP: 2/29 MP: 7/7
  1770 | D:1      | Quit the game

Action                   |  1- 3 |  4- 6 || total
-------------------------+-------+-------++-------
Melee: Short sword       |    91 |     4 ||    95
 Stab: Sleeping          |     4 |       ||     4
  Eat: Chunk             |     1 |     2 ||     3

Vault maps used:
D:1:      zelgadis_glass_arrival_small
D:2:      uniq_robin

Table legend:
 A = Turns spent in this place as a percentage of turns spent in the entire game.
 B = Non-inter-level travel turns spent in this place as a percentage of non-inter-level travel turns spent in the entire game.
 C = Inter-level travel turns spent in this place as a percentage of turns spent in this place.
 D = Turns resting spent in this place as a percentage of non-inter-level travel turns spent in this place.
 E = Turns spent auto-exploring this place as a percentage of non-inter-level travel turns spent in this place.
 F = Non-inter-level travel turns spent in this place divided by the number of levels of this place that you've seen.
                   A       B       C       D       E      F
               +-------+-------+-------+-------+-------+----------------------
         Total | 100.0 | 100.0 |   0.4 |   3.9 |   7.5 | 232.5
       Dungeon | 100.0 | 100.0 |   0.4 |   3.9 |   7.5 | 232.5
               +-------+-------+-------+-------+-------+----------------------

Table legend:
 A = Kills in this place as a percentage of kills in entire the game.
 B = Kills by you in this place as a percentage of kills by you in the entire game.
 C = Kills by friends in this place as a percentage of kills by friends in the entire game.
 D = Other kills in this place as a percentage of other kills in the entire game.
 E = Experience gained in this place as a percentage of experience gained in the entire game.
 F = Experience gained in this place divided by the number of levels of this place that you have seen.
                   A       B       C       D       E      F
               +-------+-------+-------+-------+-------+----------------------
         Total | 100.0 | 100.0 |  -nan |  -nan | 100.0 |  42.5
       Dungeon | 100.0 | 100.0 |  -nan |  -nan | 100.0 |  42.5
               +-------+-------+-------+-------+-------+----------------------
